[Event "Philadelphia Open"]
[Site "Philadelphia"]
[Date "2012.04.06"]
[Round "4.3"]
[White "Shabalov, Alexander"]
[Black "Gelashvili, Tamaz"]
[Result "1-0"]
[ECO "E11"]
[WhiteElo "2523"]
[BlackElo "2619"]
[PlyCount "69"]
[EventDate "2012.04.??"]
[EventType "swiss"]
[EventRounds "9"]
[EventCountry "USA"]
[TimeControl "6000+2375"]
[WhiteClock "0:03:52"]
[BlackClock "0:01:13"]

1. Nf3 Nf6 2. c4 e6 3. g3 d5 4. d4 Bb4+ 5. Bd2 Be7 6. Bg2 c6 7. Qc2 b6 8. b3
Bb7 9. O-O Nbd7 10. Nc3 Rc8 11. Bf4 O-O 12. e4 c5 13. exd5 exd5 14. Rad1 dxc4
15. d5 cxb3 16. axb3 Re8 17. Ng5 Bf8 18. Bh3 c4 19. Ne6 fxe6 20. dxe6 Bc6 21.
bxc4 Bb4 22. exd7 Nxd7 23. Nd5 Bc5 24. Bf5 h6 25. Bxh6 gxh6 26. Bxd7 Qg5 27.
Bxc8 Rxc8 28. Qe4 Kh8 29. Qe6 Bb7 30. Qd7 Ba6 31. Nc7 Rxc7 32. Qxc7 Bxc4 33.
Qxa7 Bxf1 34. Kxf1 Qf6 35. Qa1 1-0

[Event "Philadelphia Open"]
[Site "Philadelphia"]
[Date "2012.04.06"]
[Round "4.4"]
[White "Managadze, Nikoloz"]
[Black "Kacheishvili, Giorgi"]
[Result "0-1"]
[ECO "B13"]
[WhiteElo "2475"]
[BlackElo "2612"]
[PlyCount "96"]
[EventDate "2012.04.??"]
[EventType "swiss"]
[EventRounds "9"]
[EventCountry "USA"]
[TimeControl "6000+1370"]
[WhiteClock "0:27:40"]
[BlackClock "0:40:24"]

1. e4 c6 2. d4 d5 3. exd5 cxd5 4. Bd3 Nc6 5. c3 Qc7 6. h3 e6 7. Nf3 Bd6 8. O-O
f6 9. Re1 Qf7 10. c4 Nge7 11. a3 O-O 12. Nc3 g5 13. b4 Ng6 14. Qb3 Nce7 15. Ra2
Bd7 16. Nb5 Bxb5 17. cxb5 Rfe8 18. Rae2 Nf8 19. g3 Neg6 20. Bxg5 fxg5 21. Nxg5
Qf6 22. Nxe6 Nxe6 23. Bxg6 hxg6 24. Qxd5 Kf7 25. Rxe6 Rxe6 26. Rxe6 Qxe6 27.
Qxb7+ Bc7 28. Qxa8 Bb6 29. Qf3+ Qf6 30. Kg2 Bxd4 31. a4 Qxf3+ 32. Kxf3 Ke6 33.
a5 Kd6 34. h4 Bc3 35. a6 Kc7 36. Ke4 Be1 37. g4 Bxf2 38. h5 gxh5 39. gxh5 Kb6
40. h6 Bh4 41. h7 Bf6 42. Kd5 Kxb5 43. Kd6 Kb6 44. Kd7 Bc3 45. Kc8 Kxa6 46. Kb8
Kb6 47. b5 Bb2 48. Ka8 Be5 0-1

[Event "Philadelphia Open"]
[Site "Philadelphia"]
[Date "2012.04.06"]
[Round "5.1"]
[White "Kacheishvili, Giorgi"]
[Black "Shankland, Samuel L"]
[Result "0-1"]
[ECO "A48"]
[WhiteElo "2612"]
[BlackElo "2580"]
[PlyCount "76"]
[EventDate "2012.04.??"]
[EventType "swiss"]
[EventRounds "9"]
[EventCountry "USA"]
[TimeControl "6000+1530"]
[WhiteClock "0:01:14"]
[BlackClock "0:11:26"]

1. d4 Nf6 2. Nf3 g6 3. Bg5 Bg7 4. Nbd2 O-O 5. c3 d6 6. e4 c5 7. dxc5 dxc5 8.
Bc4 Nc6 9. O-O Na5 10. Be2 Be6 11. Bf4 h6 12. h3 Qb6 13. Qc2 Rfd8 14. Rfe1 Rac8
15. Bf1 Nd7 16. e5 Qc7 17. Bd3 Nc6 18. Bxg6 fxg6 19. Qxg6 Nf8 20. Qg3 Kh7 21.
Ne4 b6 22. Re3 Qd7 23. Bxh6 Bxh6 24. Nfg5+ Kh8 25. Qh4 Kg7 26. Nf6 exf6 27.
exf6+ Kg6 28. Rg3 Bxg5 29. Rxg5+ Kxf6 30. Re1 Kf7 31. f4 Ke8 32. f5 Qe7 33.
fxe6 Rd6 34. Qh5+ Kd8 35. Qh8 Qxg5 36. Qxf8+ Kc7 37. e7 Nxe7 38. Rxe7+ Rd7 0-1

[Event "Philadelphia Open"]
[Site "Philadelphia"]
[Date "2012.04.06"]
[Round "5.2"]
[White "Panchanathan, Magesh Chandran"]
[Black "Hammer, Jon Ludvig"]
[Result "1/2-1/2"]
[ECO "A09"]
[WhiteElo "2557"]
[BlackElo "2606"]
[PlyCount "74"]
[EventDate "2012.04.??"]
[EventType "swiss"]
[EventRounds "9"]
[EventCountry "USA"]
[TimeControl "6000+1210"]
[WhiteClock "0:03:51"]
[BlackClock "0:07:44"]

1. Nf3 d5 2. g3 g6 3. Bg2 Bg7 4. c4 d4 5. d3 a5 6. O-O Nf6 7. Qa4+ Qd7 8. Qa3
Nc6 9. Bd2 Ra6 10. Qa4 Nb4 11. Qxd7+ Nxd7 12. Na3 c6 13. b3 e5 14. Rfc1 Nc5 15.
Bxb4 axb4 16. Nc2 Rb6 17. Rcb1 e4 18. Nfe1 exd3 19. Nxd3 Nxd3 20. exd3 Bf5 21.
Bf1 c5 22. a3 bxa3 23. Rxa3 O-O 24. b4 cxb4 25. Rxb4 Rxb4 26. Nxb4 Rb8 27. Rb3
Be5 28. Bg2 Bd6 29. h3 Bxb4 30. Rxb4 Bxd3 31. c5 Rc8 32. Rxd4 Bb5 33. Bxb7 Rxc5
34. Bf3 h5 35. h4 Bc6 36. Bxc6 Rxc6 37. Kg2 Kg7 1/2-1/2

[Event "Philadelphia Open"]
[Site "Philadelphia"]
[Date "2012.04.06"]
[Round "5.3"]
[White "Kaidanov, Gregory"]
[Black "Shabalov, Alexander"]
[Result "1/2-1/2"]
[ECO "E94"]
[WhiteElo "2598"]
[BlackElo "2523"]
[PlyCount "49"]
[EventDate "2012.04.??"]
[EventType "swiss"]
[EventRounds "9"]
[EventCountry "USA"]
[TimeControl "6000+855"]
[WhiteClock "0:25:24"]
[BlackClock "0:43:11"]

1. d4 Nf6 2. c4 g6 3. Nc3 Bg7 4. e4 d6 5. Nf3 O-O 6. Be2 e5 7. Be3 c6 8. d5 Ng4
9. Bg5 f6 10. Bh4 Na6 11. O-O h5 12. Nd2 c5 13. h3 Nh6 14. g4 hxg4 15. hxg4 Nf7
16. Kg2 Bh6 17. Rh1 Kg7 18. Nf1 Rh8 19. Ne3 Bd7 20. Qd2 Qe7 21. Bg3 Bf4 22.
Rag1 Ng5 23. f3 Nf7 24. a3 Rag8 25. Nb5 1/2-1/2

[Event "Philadelphia Open"]
[Site "Philadelphia"]
[Date "2012.04.06"]
[Round "5.4"]
[White "Shahade, Gregory"]
[Black "Akobian, Varuzhan"]
[Result "0-1"]
[ECO "C06"]
[WhiteElo "2475"]
[BlackElo "2621"]
[PlyCount "108"]
[EventDate "2012.04.??"]
[EventType "swiss"]
[EventRounds "9"]
[EventCountry "USA"]
[TimeControl "5400+1510"]
[WhiteClock "0:03:31"]
[BlackClock "0:16:20"]

1. e4 e6 2. d4 d5 3. Nd2 Nf6 4. e5 Nfd7 5. c3 c5 6. Bd3 Nc6 7. Ne2 Qb6 8. Nf3
cxd4 9. cxd4 f6 10. exf6 Nxf6 11. O-O Bd6 12. b3 e5 13. dxe5 Nxe5 14. Nxe5 Bxe5
15. Rb1 O-O 16. h3 Bd7 17. Bf4 Rae8 18. Qd2 Kh8 19. Bxe5 Rxe5 20. Ng3 Qd4 21.
Qb2 Qxb2 22. Rxb2 Rc8 23. Rd1 Kg8 24. Rbd2 Kf7 25. Be2 Rce8 26. Bf3 Re1+ 27.
Kh2 Rxd1 28. Rxd1 Be6 29. Nf1 Ke7 30. Ne3 Kd6 31. Nc4+ Kc5 32. Ne3 a5 33. Rc1+
Kd6 34. Kg1 b5 35. Kf1 Rc8 36. Rxc8 Bxc8 37. g4 d4 38. Nc2 Kc5 39. Ke2 b4 40.
Kd2 g5 41. Ne1 Ba6 42. Bg2 h6 43. Kd1 Nd5 44. Bxd5 Kxd5 45. Nf3 Ke4 46. Ne1 Bf1
47. Kd2 d3 48. f3+ Kf4 49. Nxd3+ Bxd3 50. Kxd3 Kxf3 51. Kc4 Kg3 52. Kb5 Kxh3
53. Kxa5 Kxg4 54. Kxb4 h5 0-1

[Event "Philadelphia Open"]
[Site "Philadelphia"]
[Date "2012.04.07"]
[Round "6.1"]
[White "Shankland, Samuel L"]
[Black "Kaidanov, Gregory"]
[Result "1/2-1/2"]
[ECO "D46"]
[WhiteElo "2580"]
[BlackElo "2598"]
[PlyCount "31"]
[EventDate "2012.04.??"]
[EventType "swiss"]
[EventRounds "9"]
[EventCountry "USA"]
[TimeControl "6000+1195"]
[WhiteClock "0:52:03"]
[BlackClock "0:56:09"]

1. d4 d5 2. c4 c6 3. Nf3 Nf6 4. Nc3 e6 5. e3 Nbd7 6. Qc2 Bd6 7. Bd3 O-O 8. O-O
e5 9. cxd5 cxd5 10. e4 exd4 11. Nxd5 Nxd5 12. exd5 h6 13. Re1 Nf6 14. Nxd4 Nxd5
15. Be4 Nf6 16. Nf5 1/2-1/2

[Event "Philadelphia Open"]
[Site "Philadelphia"]
[Date "2012.04.07"]
[Round "6.2"]
[White "Akobian, Varuzhan"]
[Black "Panchanathan, Magesh Chandran"]
[Result "1-0"]
[ECO "E18"]
[WhiteElo "2621"]
[BlackElo "2557"]
[PlyCount "81"]
[EventDate "2012.04.??"]
[EventType "swiss"]
[EventRounds "9"]
[EventCountry "USA"]
[TimeControl "6000+1265"]
[WhiteClock "0:29:33"]
[BlackClock "0:31:02"]

1. d4 Nf6 2. c4 e6 3. Nf3 b6 4. g3 Bb7 5. Bg2 Be7 6. O-O O-O 7. Nc3 Ne4 8. Bd2
f5 9. Qc2 Bf6 10. Rad1 Nxc3 11. Bxc3 Be4 12. Qb3 d6 13. Ne1 Bxg2 14. Nxg2 Qe8
15. Rfe1 Qf7 16. Qa4 Qd7 17. Qc2 d5 18. Nf4 a5 19. cxd5 exd5 20. Rc1 Nc6 21.
Bd2 Nxd4 22. Qxc7 Qxc7 23. Rxc7 Be5 24. Rb7 Bxf4 25. Bxf4 Rae8 26. Be3 Re4 27.
Bxd4 Rxd4 28. e3 Rc4 29. Rd1 Rd8 30. Rxb6 d4 31. Rd3 Rd5 32. Kg2 h6 33. Rxd4
Rcxd4 34. exd4 Rxd4 35. Rb5 Ra4 36. a3 g6 37. Kf3 Kf7 38. Ke3 Kf6 39. Kd3 Kg5
40. f3 Kf6 41. Rc5 1-0

[Event "Philadelphia Open"]
[Site "Philadelphia"]
[Date "2012.04.07"]
[Round "6.3"]
[White "Shabalov, Alexander"]
[Black "Erenburg, Sergey"]
[Result "0-1"]
[ECO "E04"]
[WhiteElo "2523"]
[BlackElo "2616"]
[PlyCount "82"]
[EventDate "2012.04.??"]
[EventType "swiss"]
[EventRounds "9"]
[EventCountry "USA"]
[TimeControl "6000+1270"]
[WhiteClock "0:18:54"]
[BlackClock "0:29:55"]

1. d4 d5 2. c4 c6 3. Nc3 Nf6 4. Nf3 a6 5. g3 dxc4 6. Bg2 b5 7. Ne5 Bb7 8. a4 e6
9. O-O Nd5 10. e4 Nxc3 11. bxc3 Nd7 12. f4 Be7 13. Ng4 O-O 14. e5 Nb6 15. f5
exf5 16. Ne3 g6 17. Nxf5 gxf5 18. Rxf5 f6 19. Bh6 Kh8 20. Bxf8 Qxf8 21. exf6
Bxf6 22. Qf3 Nd5 23. Rf1 b4 24. cxb4 c3 25. Kh1 Re8 26. Qd3 Bc8 27. Re5 Be6 28.
b5 axb5 29. axb5 Qg8 30. Re2 cxb5 31. Qxb5 Rc8 32. Qa6 Nc7 33. Qd6 Bg7 34. Rc1
Bc4 35. Re7 Nb5 36. Qf4 Bd5 37. Qg4 Bxg2+ 38. Kxg2 Bf6 39. Rxh7+ Kxh7 40. Qh5+
Kg7 41. Re1 Nd6 0-1

[Event "Philadelphia Open"]
[Site "Philadelphia"]
[Date "2012.04.07"]
[Round "6.4"]
[White "Hammer, Jon Ludvig"]
[Black "Bachmann, Axel"]
[Result "1/2-1/2"]
[ECO "B06"]
[WhiteElo "2606"]
[BlackElo "2556"]
[PlyCount "105"]
[EventDate "2012.04.??"]
[EventType "swiss"]
[EventRounds "9"]
[EventCountry "USA"]
[TimeControl "6000+1475"]
[WhiteClock "0:36:05"]
[BlackClock "0:46:52"]

1. d4 g6 2. e4 Bg7 3. Nc3 d6 4. f4 c6 5. Nf3 Bg4 6. Be3 Qb6 7. Qd2 Bxf3 8. gxf3
Nd7 9. O-O-O Qa5 10. Kb1 O-O-O 11. Rg1 e6 12. f5 exf5 13. exf5 Ngf6 14. d5 c5
15. Nb5 Qb6 16. a4 a5 17. Bf4 Ne8 18. Bh3 Kb8 19. Rge1 Ne5 20. Bxe5 Bxe5 21. f4
Bf6 22. Bf1 Nc7 23. Re3 c4 24. Bxc4 Na6 25. Bb3 Nc5 26. Na3 Nxa4 27. Nc4 Qb5
28. Bxa4 Qxc4 29. Qxa5 Rc8 30. Bc6 Qc5 31. Qxc5 dxc5 32. Bb5 c4 33. d6 Rc5 34.
Bd7 Rd8 35. Re7 Rxf5 36. Rxf7 Rxf4 37. Rxh7 c3 38. b3 Rd4 39. Rxd4 Bxd4 40. b4
Be5 41. Ka2 Rh8 42. Rxh8+ Bxh8 43. Kb3 Be5 44. h4 Bxd6 45. Kxc3 Bg3 46. Be8
Bxh4 47. Bxg6 Kc7 48. Kc4 b6 49. Kb5 Be7 50. c3 Bd6 51. Be4 Be7 52. Ka6 Bd6 53.
Kb5 1/2-1/2

[Event "Philadelphia Open"]
[Site "Philadelphia"]
[Date "2012.04.07"]
[Round "7.1"]
[White "Erenburg, Sergey"]
[Black "Akobian, Varuzhan"]
[Result "1/2-1/2"]
[ECO "C06"]
[WhiteElo "2616"]
[BlackElo "2621"]
[PlyCount "112"]
[EventDate "2012.04.??"]
[EventType "swiss"]
[EventRounds "9"]
[EventCountry "USA"]
[TimeControl "6000+1585"]
[WhiteClock "0:11:52"]
[BlackClock "0:00:31"]

1. e4 e6 2. d4 d5 3. Nd2 Nf6 4. e5 Nfd7 5. Bd3 c5 6. c3 Nc6 7. Ne2 cxd4 8. cxd4
f6 9. exf6 Nxf6 10. Nf3 Qc7 11. O-O Bd6 12. Bd2 O-O 13. Rc1 Bd7 14. Bc3 Rae8
15. Ng3 Qb8 16. Re1 e5 17. dxe5 Nxe5 18. Nxe5 Bxe5 19. Bxe5 Rxe5 20. Qd2 Rfe8
21. h3 Rxe1+ 22. Rxe1 Rxe1+ 23. Qxe1 Qf4 24. Ne2 Qe5 25. Qb4 b6 26. Qd4 Qe8 27.
Qf4 Bb5 28. Bxb5 Qxb5 29. Nd4 Qxb2 30. Qb8+ Kf7 31. Qc7+ Kg6 32. Qg3+ Kf7 33.
Qc7+ Kg6 34. Ne6 Ne4 35. f3 Nc5 36. Nf8+ Kh6 37. Qf4+ g5 38. Qd6+ Kg7 39. Qe7+
Kg8 40. Nxh7 Qb1+ 41. Kh2 Qxh7 42. Qe8+ Kg7 43. Qe7+ Kg6 44. Qd6+ Kf7 45. Qc7+
Kg8 46. Qd8+ Kg7 47. Qe7+ Kh6 48. Qf6+ Qg6 49. Qh8+ Qh7 50. Qf6+ Kh5 51. Qd6
Qc2 52. Qf6 d4 53. Qf7+ Kh6 54. Qf6+ Kh5 55. Qf7+ Qg6 56. Qf8 Qc2 1/2-1/2

[Event "Philadelphia Open"]
[Site "Philadelphia"]
[Date "2012.04.07"]
[Round "7.2"]
[White "Bachmann, Axel"]
[Black "Shankland, Samuel L"]
[Result "1/2-1/2"]
[ECO "A05"]
[WhiteElo "2556"]
[BlackElo "2580"]
[PlyCount "88"]
[EventDate "2012.04.??"]
[EventType "swiss"]
[EventRounds "9"]
[EventCountry "USA"]
[TimeControl "6000+600"]
[WhiteClock "0:43:41"]
[BlackClock "0:47:17"]

1. Nf3 Nf6 2. g3 g6 3. Bg2 Bg7 4. O-O O-O 5. d3 c5 6. e4 Nc6 7. c3 d6 8. Re1 e5
9. a3 b6 10. b4 Bb7 11. Bb2 Re8 12. b5 Nb8 13. c4 a5 14. bxa6 Rxa6 15. Bc1 h6
16. Nc3 Nc6 17. Bh3 Bf8 18. Rb1 Nd4 19. Nxd4 cxd4 20. Nd5 Bxd5 21. cxd5 Nd7 22.
f4 exf4 23. gxf4 Nc5 24. Qf3 Qh4 25. Rf1 Bg7 26. f5 Qf6 27. Rb4 Rea8 28. Kh1 g5
29. Bb2 Rxa3 30. Bxa3 Rxa3 31. Rd1 Qd8 32. Rb2 Be5 33. f6 Qxf6 34. Bf5 Na4 35.
Rg2 b5 36. h4 Kf8 37. Rdg1 Bf4 38. Bd7 Nc3 39. Rb2 b4 40. Rxb4 Ra2 41. Rg2 Ra1+
42. Rg1 Ra2 43. Rg2 Ra1+ 44. Rg1 Ra2 1/2-1/2

[Event "Philadelphia Open"]
[Site "Philadelphia"]
[Date "2012.04.07"]
[Round "7.3"]
[White "Naroditsky, Daniel"]
[Black "Hammer, Jon Ludvig"]
[Result "0-1"]
[ECO "C65"]
[WhiteElo "2479"]
[BlackElo "2606"]
[PlyCount "78"]
[EventDate "2012.04.??"]
[EventType "swiss"]
[EventRounds "9"]
[EventCountry "USA"]
[TimeControl "6000+930"]
[WhiteClock "0:07:04"]
[BlackClock "0:03:34"]

1. e4 e5 2. Nf3 Nc6 3. Bb5 Nf6 4. d3 Bc5 5. Bxc6 dxc6 6. Bg5 Qd6 7. Nbd2 Nd7 8.
Nc4 Qe6 9. O-O O-O 10. Be3 Be7 11. a4 c5 12. Bd2 b6 13. Bc3 f6 14. Nh4 g6 15.
Qf3 Rf7 16. Qg3 Rg7 17. Bd2 f5 18. f4 fxe4 19. fxe5 Bb7 20. Rae1 Rf8 21. Bg5
Rxf1+ 22. Rxf1 Rf7 23. Rxf7 Kxf7 24. Qf4+ Ke8 25. b3 Bxg5 26. Qxg5 Qd5 27. h3
exd3 28. cxd3 Qxd3 29. Kh2 Bd5 30. Ne3 Be6 31. Ng4 Bxg4 32. Qxg4 Qxb3 33. Nf3
Qd5 34. Qh4 Nf8 35. Qf4 c4 36. Ng5 c3 37. a5 c2 38. axb6 axb6 39. Nf3 Qc6 0-1

[Event "Philadelphia Open"]
[Site "Philadelphia"]
[Date "2012.04.07"]
[Round "7.4"]
[White "Kaidanov, Gregory"]
[Black "Gurevich, Dmitry"]
[Result "1/2-1/2"]
[ECO "D35"]
[WhiteElo "2598"]
[BlackElo "2466"]
[PlyCount "37"]
[EventDate "2012.04.??"]
[EventType "swiss"]
[EventRounds "9"]
[EventCountry "USA"]
[TimeControl "6000+935"]
[WhiteClock "0:36:19"]
[BlackClock "0:29:38"]

1. d4 d5 2. c4 e6 3. Nc3 Be7 4. cxd5 exd5 5. Bf4 Nf6 6. e3 O-O 7. Bd3 c5 8.
dxc5 Bxc5 9. Nge2 Nc6 10. O-O d4 11. exd4 Nxd4 12. Na4 Nxe2+ 13. Bxe2 Nd5 14.
Be5 Be7 15. Bf3 Nb4 16. Qxd8 Rxd8 17. Bc7 Rd7 18. Bg3 Nc2 19. Rac1 1/2-1/2

[Event "Philadelphia Open"]
[Site "Philadelphia"]
[Date "2012.04.08"]
[Round "8.1"]
[White "Akobian, Varuzhan"]
[Black "Hammer, Jon Ludvig"]
[Result "1/2-1/2"]
[ECO "D38"]
[WhiteElo "2621"]
[BlackElo "2606"]
[PlyCount "32"]
[EventDate "2012.04.??"]
[EventType "swiss"]
[EventRounds "9"]
[EventCountry "USA"]
[TimeControl "6000+1355"]
[WhiteClock "0:39:01"]
[BlackClock "1:18:19"]

1. d4 Nf6 2. c4 e6 3. Nf3 d5 4. Nc3 Bb4 5. cxd5 exd5 6. Bg5 h6 7. Bxf6 Qxf6 8.
Qb3 c5 9. a3 Bxc3+ 10. Qxc3 Nd7 11. Qe3+ Qe7 12. Qxe7+ Kxe7 13. dxc5 Nxc5 14.
Nd4 Bd7 15. e3 Rhc8 16. Be2 Ne6 1/2-1/2

[Event "Philadelphia Open"]
[Site "Philadelphia"]
[Date "2012.04.08"]
[Round "8.2"]
[White "Shankland, Samuel L"]
[Black "Erenburg, Sergey"]
[Result "1/2-1/2"]
[ECO "D45"]
[WhiteElo "2580"]
[BlackElo "2616"]
[PlyCount "132"]
[EventDate "2012.04.??"]
[EventType "swiss"]
[EventRounds "9"]
[EventCountry "USA"]
[TimeControl "6000+3205"]
[WhiteClock "0:27:10"]
[BlackClock "0:05:11"]

1. d4 d5 2. c4 c6 3. Nc3 Nf6 4. e3 e6 5. Nf3 a6 6. b3 Bb4 7. Bd2 Nbd7 8. Bd3
O-O 9. O-O Bd6 10. Rc1 e5 11. cxd5 cxd5 12. e4 exd4 13. Nxd5 Nxd5 14. exd5 h6
15. Nxd4 Nf6 16. Nf5 Bxf5 17. Bxf5 Ba3 18. Rc4 Qxd5 19. Qc2 Be7 20. Bc3 Rad8
21. Re1 Rfe8 22. Be4 Qb5 23. Bf3 Bd6 24. Rxe8+ Rxe8 25. g3 Nh7 26. h4 Nf8 27.
a4 Qd7 28. Qd3 Qe7 29. Bd5 Ne6 30. Rg4 h5 31. Re4 Bc5 32. Re5 Qf6 33. Rf5 Qg6
34. Qf3 Rc8 35. Bb2 Rc7 36. Be4 Qg4 37. Qxg4 hxg4 38. Rd5 Ba7 39. Rd2 g6 40.
Bf6 Bc5 41. Kg2 Bb4 42. Re2 Be7 43. Bb2 Nc5 44. Bd5 Nd3 45. Ba1 Kf8 46. Bc4 Nc5
47. h5 gxh5 48. Re5 h4 49. gxh4 Bxh4 50. Rf5 b5 51. axb5 axb5 52. Be5 bxc4 53.
Bxc7 Nxb3 54. Rf4 c3 55. Rxg4 Bf6 56. Rc4 Ke7 57. Bf4 Ke6 58. Rc6+ Kf5 59. Be3
Be5 60. Kf3 Nd4+ 61. Bxd4 Bxd4 62. Ke2 Be5 63. Rc4 Bg7 64. f3 Bf6 65. Ke3 Bg5+
66. Kd3 Bd2 1/2-1/2

[Event "Philadelphia Open"]
[Site "Philadelphia"]
[Date "2012.04.08"]
[Round "8.3"]
[White "Gelashvili, Tamaz"]
[Black "Stripunsky, Alexander"]
[Result "1/2-1/2"]
[ECO "D23"]
[WhiteElo "2619"]
[BlackElo "2566"]
[PlyCount "132"]
[EventDate "2012.04.??"]
[EventType "swiss"]
[EventRounds "9"]
[EventCountry "USA"]
[TimeControl "5400+2920"]
[WhiteClock "0:21:28"]
[BlackClock "0:32:30"]

1. d4 d5 2. Nf3 c6 3. c4 Nf6 4. Qb3 dxc4 5. Qxc4 Bg4 6. Nbd2 Nbd7 7. g3 Qc7 8.
Bg2 Rd8 9. O-O e5 10. dxe5 Nxe5 11. Nxe5 Qxe5 12. Nf3 Qa5 13. b4 Qxb4 14. Qxb4
Bxb4 15. Rb1 a5 16. a3 Bf5 17. Rb3 Be6 18. Rb1 Bf5 19. Rb2 Bxa3 20. Rxb7 Bxc1
21. Rxc1 O-O 22. Ne5 Rd2 23. Nxc6 Be6 24. Bf3 a4 25. Ra7 Bb3 26. g4 h6 27. h4
Rd7 28. Ra5 Re8 29. g5 hxg5 30. hxg5 Nh7 31. e3 Nf8 32. Nd4 Rde7 33. Bc6 Re5
34. Rcc5 Rxc5 35. Rxc5 Rc8 36. Ra5 Ne6 37. Nxe6 Bxe6 38. Bxa4 Kh7 39. Kh2 g6
40. Kg3 Rc1 41. Re5 Rg1+ 42. Kh2 Rc1 43. Bb5 Kg7 44. Bd3 Rc3 45. Be4 Ra3 46.
Kg3 Rc3 47. Ra5 Rc4 48. Bf3 Rb4 49. Be2 Rb2 50. Ba6 Ra2 51. Rxa2 Bxa2 52. Kf4
Kf8 53. Ke5 Ke7 54. Kd4 Be6 55. Bc4 Bh3 56. e4 Bd7 57. Ke5 Bh3 58. Kf4 Bd7 59.
Be2 Be6 60. Bg4 Bb3 61. Ke5 Ba4 62. Kd4 Bb5 63. e5 Ba4 64. e6 fxe6 65. Ke5 Kf7
66. Bxe6+ Kg7 1/2-1/2

[Event "Philadelphia Open"]
[Site "Philadelphia"]
[Date "2012.04.08"]
[Round "8.4"]
[White "Bachmann, Axel"]
[Black "Kaidanov, Gregory"]
[Result "1/2-1/2"]
[ECO "C54"]
[WhiteElo "2556"]
[BlackElo "2598"]
[PlyCount "70"]
[EventDate "2012.04.??"]
[EventType "swiss"]
[EventRounds "9"]
[EventCountry "USA"]
[TimeControl "6000+2070"]
[WhiteClock "0:03:38"]
[BlackClock "0:04:36"]

1. e4 e5 2. Nf3 Nc6 3. Bc4 Bc5 4. c3 Nf6 5. d3 O-O 6. Nbd2 a6 7. Bb3 Ba7 8. h3
d5 9. Qe2 dxe4 10. dxe4 Be6 11. Bxe6 fxe6 12. Nc4 Nh5 13. Bg5 Qe8 14. O-O-O Nf4
15. Bxf4 exf4 16. Nce5 Nxe5 17. Nxe5 Rd8 18. Rxd8 Qxd8 19. Qf3 Qg5 20. Nd3 c5
21. h4 Qd8 22. Ne5 Qc7 23. Qh5 f3 24. Nxf3 Qf4+ 25. Nd2 c4 26. Qe2 Qxf2 27.
Qxc4 Rd8 28. Qxe6+ Kh8 29. Nc4 Be3+ 30. Nxe3 Qxe3+ 31. Kb1 Qd3+ 32. Kc1 Qd2+
33. Kb1 Qd3+ 34. Kc1 Qd2+ 35. Kb1 Qd3+ 1/2-1/2

[Event "Philadelphia Open"]
[Site "Philadelphia"]
[Date "2012.04.08"]
[Round "9.1"]
[White "Shankland, Samuel L"]
[Black "Akobian, Varuzhan"]
[Result "1/2-1/2"]
[ECO "D31"]
[WhiteElo "2580"]
[BlackElo "2621"]
[PlyCount "33"]
[EventDate "2012.04.??"]
[EventType "swiss"]
[EventRounds "9"]
[EventCountry "USA"]
[TimeControl "6000+415"]
[WhiteClock "1:19:55"]
[BlackClock "1:22:52"]

1. d4 d5 2. c4 e6 3. Nc3 Be7 4. cxd5 exd5 5. Bf4 c6 6. Qc2 Bd6 7. Bxd6 Qxd6 8.
e3 Qg6 9. Qxg6 hxg6 10. b4 Nf6 11. f3 Be6 12. Bd3 Nbd7 13. Nge2 g5 14. g4 Ke7
15. Kd2 Rh3 16. Ng1 Rh4 17. a4 1/2-1/2

[Event "Philadelphia Open"]
[Site "Philadelphia"]
[Date "2012.04.08"]
[Round "9.2"]
[White "Hammer, Jon Ludvig"]
[Black "Erenburg, Sergey"]
[Result "1/2-1/2"]
[ECO "D46"]
[WhiteElo "2606"]
[BlackElo "2616"]
[PlyCount "58"]
[EventDate "2012.04.??"]
[EventType "swiss"]
[EventRounds "9"]
[EventCountry "USA"]
[TimeControl "6000+1000"]
[WhiteClock "0:07:50"]
[BlackClock "0:20:07"]

1. d4 d5 2. c4 c6 3. Nf3 Nf6 4. Nc3 e6 5. e3 Nbd7 6. Bd3 b6 7. O-O Bb7 8. Qe2
Be7 9. Rd1 O-O 10. b3 Qc7 11. Bb2 Rad8 12. Rac1 Qb8 13. e4 dxe4 14. Nxe4 Rfe8
15. c5 Nxe4 16. Qxe4 g6 17. b4 Nf6 18. Qe1 Qf4 19. h3 Nd5 20. Ne5 Bf6 21. g3
Qh6 22. h4 Qf8 23. a4 a6 24. a5 b5 25. Rc2 Bg7 26. Re2 f6 27. Ng4 Bc8 28. Ne3
Qf7 29. f4 f5 1/2-1/2

[Event "Philadelphia Open"]
[Site "Philadelphia"]
[Date "2012.04.08"]
[Round "9.3"]
[White "Panchanathan, Magesh Chandran"]
[Black "Gelashvili, Tamaz"]
[Result "1-0"]
[ECO "C41"]
[WhiteElo "2557"]
[BlackElo "2619"]
[PlyCount "143"]
[EventDate "2012.04.??"]
[EventType "swiss"]
[EventRounds "9"]
[EventCountry "USA"]
[TimeControl "6000+1565"]
[WhiteClock "0:05:50"]
[BlackClock "0:39:25"]

1. e4 e5 2. Nf3 d6 3. d4 exd4 4. Nxd4 Nf6 5. Nc3 Be7 6. Be2 O-O 7. O-O Re8 8.
Re1 Bf8 9. Bf1 c6 10. h3 Nbd7 11. Nb3 b5 12. a3 a6 13. Bg5 h6 14. Bf4 Ne5 15.
Nd4 Qc7 16. Bg3 Bd7 17. Kh1 Rad8 18. Qd2 c5 19. Nb3 Qb7 20. Rad1 Qa8 21. Nd5
Nxd5 22. exd5 Qc8 23. Na5 Qc7 24. c4 Rb8 25. f4 Nxc4 26. Nxc4 bxc4 27. Bxc4 Qb6
28. b3 Bb5 29. Rxe8 Rxe8 30. Qd3 Bxc4 31. bxc4 Rb8 32. f5 Qb3 33. Qxb3 Rxb3 34.
Kh2 Be7 35. Re1 Kf8 36. f6 gxf6 37. Bf4 h5 38. Re3 Rb2 39. Rg3 Rc2 40. Bh6+ Ke8
41. Rg8+ Kd7 42. Ra8 Rxc4 43. Ra7+ Ke8 44. Rxa6 Rd4 45. Ra8+ Bd8 46. Bg7 Rf4
47. a4 Kd7 48. a5 Ra4 49. a6 f5 50. Ra7+ Bc7 51. Bf6 f4 52. Kg1 Ra2 53. Kf1 Ra3
54. Ra8 f3 55. gxf3 Rxf3+ 56. Ke2 Ra3 57. h4 Bb6 58. Rf8 Rxa6 59. Rxf7+ Ke8 60.
Re7+ Kf8 61. Rd7 Ba7 62. Kd3 Bb8 63. Ke4 Ra7 64. Rd8+ Kf7 65. Kf5 Rb7 66. Rh8
Rb1 67. Rh7+ Ke8 68. Kg6 c4 69. Re7+ Kf8 70. Rd7 Rg1+ 71. Bg5 Re1 72. Rb7 1-0

[Event "Philadelphia Open"]
[Site "Philadelphia"]
[Date "2012.04.08"]
[Round "9.4"]
[White "Kaidanov, Gregory"]
[Black "Kekelidze, Mikheil"]
[Result "0-1"]
[ECO "E33"]
[WhiteElo "2598"]
[BlackElo "2473"]
[PlyCount "66"]
[EventDate "2012.04.??"]
[EventType "swiss"]
[EventRounds "9"]
[EventCountry "USA"]
[TimeControl "6000+1240"]
[WhiteClock "0:01:09"]
[BlackClock "0:01:26"]

1. d4 Nf6 2. c4 Nc6 3. Nf3 e6 4. Nc3 Bb4 5. Qc2 d5 6. e3 O-O 7. a3 Bxc3+ 8.
Qxc3 Ne4 9. Qc2 a5 10. Bd3 f5 11. b3 Bd7 12. O-O Be8 13. cxd5 exd5 14. Bb2 a4
15. bxa4 Rf6 16. Ne5 Nxe5 17. dxe5 Bxa4 18. Qe2 Rh6 19. Rfc1 Qh4 20. h3 Rg6 21.
f3 Qxh3 22. Rxc7 Qg3 23. Rf1 Ng5 24. Bxf5 Rh6 25. Qd2 Bc6 26. f4 Rf8 27. e6 d4
28. e4 Qh2+ 29. Kf2 Nxe6 30. Bxe6+ Rxe6 31. Ke1 Rxe4+ 32. Kd1 Rfxf4 33. Rxf4
Ba4+ 0-1